Map: Overgrown Facility

Players

Throwfordays

  • Race: Protoss Protoss
  • League: Silver
  • Spawn Location: 9:00

Faust

  • Race: Zerg Zerg
  • League: Diamond
  • Spawn Location: 7:00

Snarglax

  • Race: Terran Terran
  • League: Gold
  • Spawn Location: 1:00

Petrocules

  • Race: Zerg Zerg
  • League: Platinum
  • Spawn Location: 3:00

VOD

Have the link to the VOD?

Description

Time

  • Played on: March 25, 2019, 8:34 p.m.
  • Length: 7:06
Show
View Real Time Build Order
Export as new Build Order

Throwfordays Protoss 

Build Orders: Nexus First 

Get SALT Encoding   

  12  0:03  Probe  
  13  0:15  Probe  
  14  0:27  Probe  
  15  0:47  Nexus  
  15  1:01  Pylon  
  15  1:09  Assimilator  
  15  1:19  Probe  
  15  1:21  Gateway  
  16  1:31  Probe  
  17  1:32  Pylon  
  17  1:43  Probe  
  18  1:55  Gateway, Probe  
  19  2:02  Assimilator  
  19  2:07  Probe  
  20  2:09  Cybernetics Core  
  20  2:12  Probe  
  21  2:20  Probe  
  21  2:23  Probe  
  21  2:28  Probe  
  23  2:35  Probe  
  25  2:40  Probe  
  26  2:47  Probe  
  27  2:52  Probe  
  27  2:54  Stargate  
  28  3:04  Probe  
  29  3:07  Forge  
  29  3:15  Probe  
  30  3:23  Probe  
  30  3:31  Probe  
  31  3:37  Void Ray  
  36  3:42  Photon Cannon  
  36  3:43  Probe  
  36  3:45  Photon Cannon  
  36  3:48  Photon Cannon  
  37  3:55  Probe  
  38  4:00  Assimilator  
  38  4:03  Assimilator  
  38  4:07  Probe  
  38  4:09  Probe  
  40  4:17  Pylon  
  40  4:19  Probe  
  40  4:21  Probe  
  38  4:35  Probe x2  
  17  4:48  Probe  
  17  4:51  Pylon  
  1  6:19  Pylon  
  1  6:27  Nexus  
Show
View Real Time Build Order
Export as new Build Order

Faust Zerg 

Build Orders: Hatch First 

Get SALT Encoding   

  12  0:01  Drone  
  13  0:09  Drone  
  14  0:15  Extractor  
  14  0:16  Drone  
  15  0:29  Overlord  
  15  0:47  Drone x2  
  17  0:53  Hatchery  
  17  0:56  Drone  
  17  1:01  Extractor  
  17  1:02  Drone  
  17  1:20  Spawning Pool  
  17  1:22  Drone  
  17  1:23  Drone  
  18  1:31  Drone  
  19  2:04  Overlord  
  19  2:07  Queen, Metabolic Boost  
  19  2:08  Queen  
  21  2:11  Drone  
  21  2:12  Drone  
  25  2:16  Drone  
  25  2:20  Drone  
  27  2:25  Drone  
  28  2:32  Drone  
  28  2:34  Drone  
  30  2:37  Overlord  
  30  2:45  Lair  
  30  3:02  Hatchery  
  29  3:06  Drone  
  29  3:10  Baneling Nest  
  29  3:11  Drone  
  30  3:16  Drone x2  
  30  3:19  Drone  
  33  3:26  Drone x3  
  36  3:30  Overlord  
  36  3:35  Overlord  
  36  3:48  Extractor  
  35  3:49  Drone  
  35  3:50  Drone x3  
  35  3:54  Extractor  
  38  3:55  Extractor  
  38  3:57  Drone x3  
  38  3:58  Drone x3  
  43  4:07  Zergling x4  
  45  4:17  Queen  
  45  4:19  Zergling x8  
  51  4:27  Spire  
  50  4:48  Zergling x2  
  50  4:49  Zergling x14  
  50  4:51  Overlord x2  
  57  5:20  Zergling x16  
  60  5:23  Baneling x4  
  60  5:25  Drone x2  
  60  5:26  Drone x5  
  67  5:31  Drone x3  
  67  5:33  Drone  
  67  5:35  Drone  
  71  5:52  Baneling x2  
  71  6:02  Overlord x2  
  71  6:03  Overlord  
  66  6:25  Zergling x16  
  58  6:26  Zergling x10  
  69  6:37  Zergling x8  
  69  6:38  Zergling x2  
Show
View Real Time Build Order
Export as new Build Order

Snarglax Terran 

Build Orders:  

Get SALT Encoding   

  12  0:01  SCV  
  13  0:18  Supply Depot, SCV  
  14  0:36  SCV  
  14  0:40  Barracks  
  15  0:48  SCV  
  16  0:56  Barracks  
  16  1:00  SCV  
  17  1:11  Barracks  
  17  1:13  SCV  
  18  1:29  Orbital Command  
  18  1:34  Supply Depot  
  18  1:35  Marine  
  19  1:43  Marine  
  20  1:50  Barracks  
  20  2:03  Barracks  
  20  2:09  Marine x2  
  22  2:24  Supply Depot  
  22  2:27  Marine x3  
  25  2:43  Marine  
  26  2:45  Marine x3  
  29  2:51  Supply Depot  
  29  2:53  Marine  
  30  3:01  Marine  
  30  3:02  Marine  
  30  3:03  Marine x2  
  34  3:11  Marine  
  35  3:19  Marine  
  36  3:20  Marine  
  36  3:21  Marine x2  
  39  3:28  Marine  
  39  3:32  Supply Depot  
  40  3:37  Marine  
  40  3:38  Marine  
  40  3:39  Marine x2  
  44  3:46  Marine  
  45  3:55  Marine  
  46  3:56  Marine  
  46  3:57  Marine x2  
  49  4:04  Marine  
  50  4:13  Marine  
  50  4:14  Marine x2  
  48  4:57  Marine  
  48  4:58  Marine x4  
  51  5:08  Supply Depot  
  50  5:15  Marine x5  
  55  5:33  Marine x5  
  60  5:50  Marine  
  60  5:51  Marine x2  
  63  6:01  Marine x2  
  60  6:08  Marine  
  60  6:09  Marine x2  
  62  6:19  Marine  
  62  6:21  Marine  
  61  6:26  Marine  
  61  6:27  Marine  
  63  6:38  Supply Depot  
Show
View Real Time Build Order
Export as new Build Order

Petrocules Zerg 

Build Orders: Pool First 

Get SALT Encoding   

  12  0:01  Drone  
  13  0:14  Overlord  
  13  0:18  Drone  
  14  0:32  Drone x2  
  16  0:36  Drone  
  17  0:48  Spawning Pool  
  16  0:59  Drone x2  
  16  1:00  Extractor  
  17  1:12  Drone  
  18  1:21  Drone  
  19  1:34  Queen  
  21  1:40  Zergling x2, Roach Warren  
  21  1:48  Drone  
  21  1:53  Overlord  
  22  2:09  Overlord  
  22  2:10  Hatchery  
  21  2:21  Roach  
  23  2:24  Roach  
  25  2:34  Metabolic Boost  
  25  2:37  Roach  
  27  2:45  Drone  
  28  2:53  Roach x2  
  28  2:57  Roach  
  34  3:05  Roach  
  36  3:17  Roach  
  38  3:36  Zergling x2  
  38  3:37  Zergling x8  
  43  3:56  Zergling x2  
  43  3:57  Overlord  
  43  3:58  Overlord  
  44  4:09  Overlord  
  44  4:15  Queen x2  
  42  4:39  Zergling x16  
  42  4:40  Zergling x2  
  49  4:50  Zergling x2  
  50  5:12  Zergling x2  
  50  5:13  Zergling x6  
  54  5:19  Drone  
  54  5:20  Baneling Nest  
  53  5:41  Zergling x10  
  53  6:24  Zergling x2  
  53  6:25  Zergling x12  
  57  6:33  Zergling x2  
  58  6:45  Zergling x4  
Tags
 
Add a new tag
Caveats
  • Supply blocks, unpowered buildings, or Contaminate may cause inaccurate times.
  • Supply counts are checked every 10 seconds.